 Dungeon Crawl Stone Soup version 0.30-a0-585-g93115170b9 (webtiles) character file.

Game seed: 5376500454118016665

23 themarg the Sneak (level 2, 0/20 HPs)
             Began as a Gnoll Wanderer on Jan 2, 2023.
             Succumbed to a kobold's poison
             ... on level 1 of the Dungeon.
             The game lasted 00:01:45 (343 turns).

themarg the Sneak (Gnoll Wanderer)                   Turns: 343, Time: 00:01:45

Health: 0/20       AC:  4    Str: 10    XL:     2   Next: 95%
Magic:  5/5        EV: 11    Int: 10    God:
Gold:   0          SH:  0    Dex: 13    Spells: 5/6 levels left

rFire   . . .      SeeInvis .    a - +0 dagger
rCold   . . .      Faith    .    (no shield)
rNeg    . . .      Spirit   .    j - +0 leather armour
rPois   .          Reflect  .    d - +0 helmet
rElec   .          Harm     .    (no cloak)
rCorr   .          Rampage  .    (no gloves)
Will    .....                    (no boots)
Stlth   +++                      (no amulet)
HPRegen 0.23/turn                (no ring)
MPRegen 0.09/turn                (no ring)

@: lethally poisoned (0 -> -16)
A: fangs 1, strong nose, distributed training
a: no special abilities


You were on level 1 of the Dungeon.
You visited 1 branch of the dungeon, and saw 1 of its levels.

Inventory:

Hand Weapons
 a - a +0 dagger (weapon)
Missiles
 g - 4 javelins (quivered)
Armour
 c - a +0 robe
 d - a +0 helmet (worn)
 j - a +0 leather armour (worn)
Jewellery
 h - an amulet of reflection
Scrolls
 b - a scroll of blinking
 e - 3 scrolls of identify {unknown}
 f - a scroll of immolation {unknown}
Potions
 i - a potion of heal wounds {unknown}


   Skills:
 + Level 0.5 Fighting
 + Level 0.5 Short Blades
 + Level 0.5 Long Blades
 + Level 0.5 Axes
 + Level 0.5 Maces & Flails
 + Level 0.5 Polearms
 + Level 0.5 Staves
 + Level 0.5 Ranged Weapons
 + Level 0.5 Throwing
 + Level 0.5 Armour
 + Level 0.5 Dodging
 + Level 7.7 Stealth
 + Level 0.5 Shields
 + Level 0.5 Unarmed Combat
 + Level 2.7 Spellcasting
 + Level 0.4 Conjurations
 + Level 5.4 Hexes
 + Level 0.4 Summonings
 + Level 0.4 Necromancy
 + Level 2.0 Translocations
 + Level 0.4 Transmutations
 + Level 0.4 Fire Magic
 + Level 0.4 Ice Magic
 + Level 0.4 Air Magic
 + Level 0.4 Earth Magic
 + Level 0.4 Poison Magic
 + Level 2.5 Invocations
 + Level 0.5 Evocations


You had 5 spell levels left.
You knew the following spells:

 Your Spells              Type           Power      Damage    Failure   Level
a - Slow                  Hex            48%        N/A       4%          1

Your spell library contained the following spells:

 Spells                   Type           Power      Damage    Failure   Level
 Confusing Touch          Hex            12%        N/A       13%         3
 Apportation              Tloc           10%        N/A       17%         1
 Portal Projectile        Hex/Tloc       16%        N/A       26%         3
 Vhi's Electric Charge    Tloc/Air       6%         N/A       56%         3


Dungeon Overview and Level Annotations

Branches:
Dungeon (1/15)

Altars:


Innate Abilities, Weirdness & Mutations

You have very sharp teeth.
Your uncanny sense of smell can sniff out nearby items.
Your experience applies equally to all skills.


Message History

Found 4 poisoned darts and 5 gold pieces.
You see here a quokka corpse.
You hit the dart slug.
The dart slug is heavily wounded.
The ball python hisses angrily.
The ball python closely misses you. The ball python barely misses you.
The dart slug launches a dart at you. The slug dart hits you.
You hit the dart slug.
The dart slug is severely wounded.
The ball python misses you. The ball python grabs you.
The ball python constricts you. The dart slug launches a dart at you.
The slug dart hits you.
You barely miss the dart slug. You bite the dart slug.
The dart slug is almost dead.
The ball python bites you but does no damage.
The ball python constricts you. The ball python bites you.
The ball python constricts you.
You hit the dart slug.
You kill the dart slug!
The ball python bites you. The ball python constricts you.
You barely miss the ball python. The kobold closely misses you.
The ball python bites you but does no damage.
The ball python constricts you.
You closely miss the ball python. The kobold barely misses you.
The ball python barely misses you. The ball python constricts you.
You hit the ball python.
You kill the ball python!
The kobold hits you with a +2 short sword of venom.
You are poisoned.
You hit the kobold.
The kobold is moderately wounded.
You feel very sick.
The kobold hits you with a +2 short sword of venom.
* * * LOW HITPOINT WARNING * * *
You are more poisoned.
You closely miss the kobold.
The kobold is moderately wounded.
You die...

#......... ....#
##.####..#######
#.. ##........#
###
#..#####..####
#..†.........#
#..###†####.....
#..#))?#($#.#.##
##.#$..#..#...#
#.###†@†....#
#....K†###..#
#.#..#..
#.#$(#..$
####.### ... ...
###


You could see a kobold.

Vanquished Creatures
  A dart slug (D:1)
  2 ball pythons (D:1)
  3 endoplasms (D:1)
  A giant cockroach (D:1)
  A goblin (D:1)
  A hobgoblin (D:1)
  2 kobolds (D:1)
  2 quokkas (D:1)
  2 bats (D:1)
  2 rats (D:1)
17 creatures vanquished.

Notes
Turn   | Place    | Note
-------+----------+-------------------------------------------
     0 | D:1      | themarg the Gnoll Wanderer began the quest for the Orb.
     0 | D:1      | themarg set off with the following items: a +0 dagger, a
                  | scroll of blinking, a +0 robe, a +0 helmet; and the
                  | following spells available to memorise: Slow, Confusing
                  | Touch, Apportation, Portal Projectile, Vhi's Electric
                  | Charge.
     0 | D:1      | Reached XP level 1. HP: 13/13 MP: 4/4
   147 | D:1      | Reached XP level 2. HP: 19/19 MP: 5/5
   149 | D:1      | Learned a level 1 spell: Slow
   343 | D:1      | Succumbed to a kobold's poison

Illustrated notes

Levels and vault maps discovered:
D:1:      dpeg_arrival_rhombus, layout_loops_ring, minmay_octomino_c4

Skill      XL: |  1 |
---------------+----+-----
Translocations | 2 |  2.0
Fighting       | |  0.5
Short Blades   | |  0.5
Long Blades    | |  0.5
Axes           | |  0.5
Maces & Flails | |  0.5
Polearms       | |  0.5
Staves         | |  0.5
Ranged Weapons | |  0.5
Throwing       | |  0.5
Armour         | |  0.5
Dodging        | |  0.5
Stealth        | |  7.7
Shields        | |  0.5
Unarmed Combat | |  0.5
Spellcasting   | |  2.7
Conjurations   | |  0.4
Hexes          | |  5.4
Summonings     | |  0.4
Necromancy     | |  0.4
Transmutations | |  0.4
Fire Magic     | |  0.4
Ice Magic      | |  0.4
Air Magic      | |  0.4
Earth Magic    | |  0.4
Poison Magic   | |  0.4
Invocations    | |  2.5
Evocations     | |  0.5

Action                   || total
-------------------------++-------
Melee: Dagger            ||    47
       Bite              ||     4
       Punch             ||     1
 Stab: Sleeping          ||    10
Armor: Robe              ||     4
       Leather armour    ||     4
Dodge: Dodged            ||    18

Table legend: (Time is in decaauts)
 A = Elapsed time spent in this place.
 B = Non-inter-level travel time spent in this place.
 C = Inter-level travel time spent in this place.
 D = Time resting spent in this place.
 E = Time spent auto-exploring this place.
 F = Levels seen in this place.
 G = Mean time per level.
                   A        B        C        D        E       F      G
               +--------+--------+--------+--------+--------+-----+--------+
         Total |    342 |    342 |      0 |      0 |    207 |   1 |  342.0 |
       Dungeon |    342 |    342 |      0 |      0 |    207 |   1 |  342.0 |
               +--------+--------+--------+--------+--------+-----+--------+

Top non-repeatable levels by time:
     D:1: 342 daAuts
